 Dungeon Crawl Stone Soup version 0.30-a0-928-g7f6bbad527 (webtiles) character file.

Game seed: 16954200846109669782

28 Morbidden the Trooper (level 3, 29/29 HPs)
             Began as a Demonspawn Fighter on Mar 23, 2023.
             Quit the game on level 1 of the Dungeon.
             The game lasted 00:01:09 (699 turns).

Morbidden the Trooper (Demonspawn Fighter)           Turns: 699, Time: 00:01:10

Health: 29/29      AC:  6    Str: 16    XL:     3   Next: 0%
Magic:  3/3        EV:  9    Int: 11    God:
Gold:   54         SH:  0    Dex: 12    Spells: 2/2 levels left

rFire   . . .      SeeInvis .    a - +0 war axe
rCold   . . .      Faith    .    (no shield)
rNeg    . . .      Spirit   .    b - +0 scale mail
rPois   .          Reflect  .    (helmet restricted)
rElec   .          Rampage  .    (no cloak)
rCorr   .                        (no gloves)
Will    .....                    (no boots) Stlth
                                 (no amulet)
HPRegen 0.24/turn                (no ring)
MPRegen 0.08/turn                (no ring)

@: no status effects
A: antennae 1, demonic touch 1
a: no special abilities


You were on level 1 of the Dungeon.
You visited 1 branch of the dungeon, and saw 1 of its levels.

You collected 54 gold pieces.

Inventory:

Hand Weapons
 a - a +0 war axe (weapon)
Missiles
 h - 2 poisoned darts (quivered)
Armour
 b - a +0 scale mail (worn)
 c - a +0 buckler
Jewellery
 i - a ring of protection from fire
Scrolls
 f - a scroll of identify {unknown}
Potions
 d - a potion of might
 e - a potion of heal wounds {unknown}
 g - a potion of mutation {unknown}
 j - a potion of flight {unknown}
 k - a potion of curing {unknown}


   Skills:
 * Level 3.3 Fighting
 * Level 2.1 Axes
 * Level 0.2(1.3) Polearms
 * Level 3.1 Armour
 * Level 0.4 Dodging
 + Level 2.8 Shields
 * Level 0.1 Spellcasting


You had 2 spell levels left.
You didn't know any spells.
Your spell library was empty.

Dungeon Overview and Level Annotations

Branches:
Dungeon (1/15)

Altars:


Innate Abilities, Weirdness & Mutations

You have a pair of small antennae on your head.
Your touch may inflict minor irresistible damage on your foes.


Message History

The kobold hits you with a +0 short sword.
Unknown command.
You hit the kobold but do no damage. Your touch misses the kobold.
The kobold is severely wounded.
The kobold barely misses you.
Unknown command.
You slash the kobold!
You kill the kobold!
Unknown command.
Things that are here:
a +0 short sword; 4 stones; a kobold corpse A rat comes into view.
Unknown command.
A rat is nearby!
You slash the rat!
You kill the rat!
Unknown command.
No target in view!
Key pressed, stopping explore.
Unknown command.
No target in view!
Key pressed, stopping explore.
Unknown command.
No target in view!
Found a pair of boots.
No target in view!
You see here a +0 pair of boots.
Found a stone staircase leading down.
No target in view!
A ball python comes into view.
The ball python hisses angrily.
A ball python is nearby!
You slash the ball python!
You kill the ball python!
You have reached level 3!
Your experience leads to an increase in your attributes!
Increase (S)trength, (I)ntelligence, or (D)exterity?
You feel clever. x2; Your demonic ancestry asserts itself...
A pair of antennae grows on your head!
Are you sure you want to abandon this character and quit the game? (Confirm with "yes".)

#.##### #......
#.##### #.# #.# #.#
###########.#####
###................
#.@.#########......
#..†### #######
#..... #..... ##
#.>... .. #.....
### ##.### #.. #.
#.# #######.#


There were no monsters in sight!

Vanquished Creatures
  3 bats (D:1)
  2 endoplasms (D:1)
  A giant cockroach (D:1)
  3 goblins (D:1)
  2 hobgoblins (D:1)
  A quokka (D:1)
  5 ball pythons (D:1)
  A frilled lizard (D:1)
  3 kobolds (D:1)
  5 rats (D:1)
26 creatures vanquished.

Vanquished Creatures (others)
  2 demonic plants (D:1)
  A fungus (D:1)
  A plant (D:1)
  6 withered plants (D:1)
10 creatures vanquished.

Grand Total: 36 creatures vanquished

Notes
Turn   | Place    | Note
-------+----------+-------------------------------------------
     0 | D:1      | Morbidden the Demonspawn Fighter began the quest for the
                  | Orb.
     0 | D:1      | Reached XP level 1. HP: 18/18 MP: 1/1
   230 | D:1      | Found a faded altar of an unknown god.
   250 | D:1      | Discovered your monstrous ancestry.
   250 | D:1      | Gained mutation: Your touch may inflict minor irresistible
                  | damage on your foes. [demonic ancestry]
   250 | D:1      | Reached XP level 2. HP: 23/24 MP: 2/2
   699 | D:1      | Gained mutation: You have a pair of small antennae on your
                  | head. [demonic ancestry]
   699 | D:1      | Reached XP level 3. HP: 29/29 MP: 3/3
   699 | D:1      | Quit the game

Illustrated notes

Levels and vault maps discovered:
D:1:      lemuel_arrival_rhombus, layout_basic, serial_glass, glass_columns_a,
          glass_columns_c, shapermc_ecumenical_altar_gd,
          minmay_indecisive_spiral

Skill      XL: |  1  2 |
---------------+-------+-----
Axes           | 2 |  2.1
Armour         | 3 |  3.1
Fighting       | |  3.3
Polearms       | |  0.2
Dodging        | |  0.4
Shields        | |  2.8
Spellcasting   | |  0.1

Action                     || total
---------------------------++-------
  Melee: War axe           ||    57
         Touch             ||     3
 Armour: Scale mail        ||    21
  Dodge: Dodged            ||    22
  Block: Buckler           ||     9

Table legend: (Time is in decaauts)
 A = Elapsed time spent in this place.
 B = Non-inter-level travel time spent in this place.
 C = Inter-level travel time spent in this place.
 D = Time resting spent in this place.
 E = Time spent auto-exploring this place.
 F = Levels seen in this place.
 G = Mean time per level.
                   A        B        C        D        E       F      G
               +--------+--------+--------+--------+--------+-----+--------+
         Total |    723 |    723 |      0 |      0 |    554 |   1 |  723.0 |
       Dungeon |    723 |    723 |      0 |      0 |    554 |   1 |  723.0 |
               +--------+--------+--------+--------+--------+-----+--------+

Top non-repeatable levels by time:
     D:1: 723 daAuts
